AoeStats
← 一剑扫秋风nelson

African Clearing

504177829Analyzed
4v4 RM · 28d ago on Sep 4, 2026· 70m 27s· 8 players
Game mode
Random Map
Map size
Large (8 player)
Population
200
Speed
Normal
Resources
Standard
Victory
Conquest
Starting age
Dark Age
Ending age
Imperial Age
RankedLock teamsTeams togetherTeam positionsShared explorationLock speedFull tech treeHidden civsTurbo modeCheats
Victory
Defeat
🇨🇳 Inca · China
1793
+18
🇩🇰 Bengalis · Denmark
1750
+20
🇲🇽 Jurchens · Mexico
1707
+22
🇬🇧 Mapuche · United Kingdom
1702
+22
🇻🇳 Huns · Vietnam
1935
-24
🇺🇸 Shu · United States
1902
-23
🇻🇳 Burmese · Vietnam
1801
-19
🇻🇳 Mongols · Vietnam
1745
-16
eL| Barry_Allen
5:58 Loom
12:04 Feudal Age
16:09 Forging
17:04 Scale Barding Armor
16:53 Horse Collar
18:23 Town Watch
24:06 Castle Age
23:15 Bloodlines
23:49 Wheelbarrow
24:16 Light Cavalry
24:57 Husbandry
25:56 Double-Bit Axe
26:45 Chain Barding Armor
36:37 Heavy Plow
46:38 Imperial Age
44:25 Hand Cart
46:09 Iron Casting
47:57 Plate Barding Armor
48:11 Elite Steppe Lancer
49:41 Gold Mining
51:09 Crop Rotation
50:51 Bow Saw
53:24 Blast Furnace
55:25 Two-Man Saw
55:00 Gold Shaft Mining
54:16 Stone Mining
57:05 Stone Shaft Mining
58:34 Hussar
60:25 Conscription
60:06 Fortified Bastions
60:50 Guilds
60:43 Caravan
61:54 Masonry
66:12 Thunderclap Bombs
66:09 Pikeman
66:50 Squires
66:58 Elite Fire Lancer
67:08 Heavy Rocket Cart
68:16 Scale Mail Armor
68:04 Halberdier
68:53 Arson
69:34 Chain Mail Armor
71:45 Chemistry
71:16 Architecture
70:52 Siege Engineers
CristinaLover
10:52 Loom
13:21 Feudal Age
17:12 Castle Age
15:27 Double-Bit Axe
16:44 Fletching
17:34 Gold Mining
18:26 Bodkin Arrow
21:00 Bow Saw
25:14 Wheelbarrow
25:40 Ballistics
25:23 Stone Mining
28:14 Padded Archer Armor
29:18 Paiks
30:05 Hand Cart
30:08 Leather Archer Armor
30:39 Husbandry
31:31 Bloodlines
31:03 Horse Collar
32:49 Heavy Plow
37:41 Imperial Age
35:50 Town Watch
38:32 Bracer
40:17 Chemistry
38:59 Treadmill Crane
39:49 Conscription
40:43 Ring Archer Armor
41:30 Town Patrol
42:31 Forging
43:08 Light Cavalry
44:03 Scale Barding Armor
44:50 Coinage
45:16 Chain Barding Armor
46:39 Plate Barding Armor
46:41 Iron Casting
46:43 Elite Ratha (Ranged)
48:49 Two-Man Saw
50:22 Masonry
51:28 Mahayana
55:17 Blast Furnace
55:37 Siege Engineers
56:37 Banking
56:11 Scale Mail Armor
55:53 Siege Elephant
58:41 Architecture
61:43 Caravan
64:21 Elite Battle Elephant
68:18 Crop Rotation
一剑扫秋风nelson
5:46 Loom
13:54 Feudal Age
14:23 Town Watch
17:58 Wheelbarrow
29:13 Castle Age
28:39 Double-Bit Axe
28:35 Horse Collar
28:46 Gold Mining
28:47 Stone Mining
29:55 Fletching
30:46 Heavy Plow
30:58 Bow Saw
31:45 Ballistics
32:00 Bodkin Arrow
32:47 Guard Tower
43:15 Imperial Age
40:11 Elite Skirmisher
41:30 Padded Archer Armor
42:15 Hand Cart
42:01 Scale Mail Armor
42:30 Leather Archer Armor
42:52 Murder Holes
43:08 Masonry
44:08 Chain Mail Armor
44:18 Bracer
43:51 Pikeman
46:03 Chemistry
47:02 Plate Mail Armor
46:58 Conscription
47:42 Ring Archer Armor
48:05 Crop Rotation
48:12 Stone Shaft Mining
48:14 Gold Shaft Mining
48:19 Forging
49:01 Keep
48:45 Squires
48:20 Halberdier
50:22 Iron Casting
49:57 Treadmill Crane
50:23 Siege Engineers
50:05 Arrowslits
50:29 Siege Engineers
50:05 Treadmill Crane
52:38 Blast Furnace
51:19 Elite Kamayuk
52:35 Guilds
53:14 Fabric Shields
57:54 Coinage
59:40 Banking
59:51 Arson
60:19 Capped Ram
61:44 Andean Sling
61:28 Siege Ram
68:52 Heavy Scorpion
JustAGecko
9:57 Loom
12:06 Feudal Age
16:20 Castle Age
14:18 Fletching
14:27 Double-Bit Axe
15:29 Gold Mining
15:37 Fletching
18:43 Bodkin Arrow
27:33 Wheelbarrow
27:15 Bow Saw
29:28 Padded Archer Armor
32:39 Ballistics
41:51 Horse Collar
43:30 Hand Cart
44:28 Heavy Plow
44:21 Stone Mining
45:16 Leather Archer Armor
49:51 Malon
50:09 Forging
54:28 Imperial Age
53:28 Coinage
52:59 Caravan
54:48 Iron Casting
54:30 Elite Bolas Rider
55:59 Ring Archer Armor
55:39 Butalmapu
55:56 Conscription
56:04 Elite Kona
58:17 Town Watch
60:31 Gold Shaft Mining
60:28 Crop Rotation
60:39 Stone Shaft Mining
61:38 Onager
64:39 Coinage
66:02 Banking
ĐLucky
13:44 Feudal Age
14:13 Loom
17:32 Castle Age
15:39 Double-Bit Axe
15:58 Fishing Lines
16:09 Fletching
18:24 Bodkin Arrow
20:47 Ballistics
20:38 Padded Archer Armor
24:04 Bloodlines
24:53 Gillnets
27:43 Leather Archer Armor
29:24 Gold Mining
34:05 Horse Collar
34:36 Bow Saw
39:21 Wheelbarrow
43:11 Imperial Age
41:31 Scale Barding Armor
41:28 Husbandry
43:22 Chain Barding Armor
44:42 Plate Barding Armor
43:28 Cavalier
46:10 Forging
45:39 Light Cavalry
46:37 Thumb Ring
46:58 Parthian Tactics
48:42 Chemistry
47:43 Bracer
48:29 Heavy Cavalry Archer
49:28 Hussar
50:54 Iron Casting
52:35 Gold Shaft Mining
52:16 Hand Cart
53:02 Conscription
52:31 Capped Ram
55:10 Blast Furnace
54:43 Siege Ram
56:48 Caravan
63:22 Masonry
VIPN@U
10:43 Loom
12:53 Feudal Age
13:51 Town Watch
17:58 Castle Age
17:13 Horse Collar
20:11 Padded Archer Armor
28:07 Fletching
28:59 Wheelbarrow
30:24 Bodkin Arrow
47:38 Heavy Plow
49:02 Stone Mining
53:49 Imperial Age
51:34 Gold Mining
52:28 Hand Cart
53:15 Ballistics
53:53 Husbandry
53:53 Elite Arambai
55:17 Bloodlines
57:54 Conscription
59:26 Parthian Tactics
60:41 Caravan
61:11 Coinage
62:06 Guilds
64:22 Howdah
64:22 Manipur Cavalry
67:27 Squires
66:47 Pikeman
67:29 Scale Mail Armor
67:39 Forging
68:09 Halberdier
69:56 Chain Mail Armor
70:17 Iron Casting
71:13 Plate Mail Armor
NaiLiu
9:09 Loom
12:08 Feudal Age
12:46 Double-Bit Axe
12:50 Town Watch
28:48 Castle Age
27:07 Horse Collar
39:08 Wheelbarrow
42:57 Bow Saw
44:39 Hand Cart
44:26 Heavy Plow
46:21 Gold Mining
46:22 Stone Mining
48:12 Gold Shaft Mining
47:46 Scale Mail Armor
47:57 Forging
51:33 Imperial Age
48:56 Fletching
49:06 Padded Archer Armor
49:28 Ballistics
48:58 Crossbowman
49:44 Thumb Ring
49:59 Thumb Ring
49:15 Elite Skirmisher
50:09 Bodkin Arrow
52:08 Caravan
52:04 Bodkin Arrow
52:09 Padded Archer Armor
53:29 Chemistry
53:06 Guilds
53:06 Bracer
53:08 Padded Archer Armor
53:37 Conscription
58:21 Chain Mail Armor
58:24 Leather Archer Armor
58:33 Chain Mail Armor
60:11 Two-Man Saw
58:54 Elite White Feather Guard
60:42 Plate Mail Armor
61:27 Coinage
61:06 Coiled Serpent Array
61:12 Gambesons
61:27 Squires
61:13 Arson
62:44 Ring Archer Armor
63:12 Siege Engineers
63:17 Masonry
65:06 Banking
65:15 Crossbowman
66:31 Arbalester
68:27 Architecture
68:17 Bolt Magazine
69:33 Town Patrol
VNS_Alibaba_
6:17 Loom
13:35 Feudal Age
17:50 Castle Age
15:56 Double-Bit Axe
16:23 Fletching
17:07 Stone Mining
17:51 Gold Mining
19:11 Fishing Lines
23:49 Town Watch
24:37 Horse Collar
27:54 Bloodlines
28:41 Husbandry
28:42 Padded Archer Armor
28:41 Bodkin Arrow
29:07 Padded Archer Armor
30:25 Ballistics
31:14 Wheelbarrow
33:10 Leather Archer Armor
34:41 Hand Cart
39:31 Imperial Age
37:45 Scale Barding Armor
37:52 Bow Saw
37:42 Heavy Plow
38:59 Thumb Ring
39:07 Forging
38:33 Light Cavalry
40:17 Chain Barding Armor
40:33 Iron Casting
40:28 Bracer
41:33 Chemistry
40:44 Masonry
40:39 Siege Engineers
41:20 Elite Mangudai
43:04 Hoardings
43:09 Coinage
43:22 Conscription
43:33 Chain Barding Armor
44:29 Iron Casting
44:44 Parthian Tactics
43:50 Hussar
44:55 Capped Ram
46:52 Blast Furnace
46:47 Banking
46:14 Siege Ram
49:02 Sappers
50:16 Drill
54:32 Gold Shaft Mining
59:35 Caravan
Connection lost

Rejoining the realm…

Still unreachable

The connection could not be restored.

Session expired

The server has moved on; the page needs a fresh start.